 Dungeon Crawl Stone Soup version 0.29-a0-330-g52719c12eb (webtiles) character file.

Game seed: 2753495065571045751

2277 gruber the Destroyer (level 9, -4/57 HPs)
             Began as a Demonspawn Conjurer on May 2, 2022.
             Was an Initiate of Vehumet.
             Slain by a two-headed ogre
             ... wielding a +0 giant club
              (6 damage)
             ... on level 6 of the Dungeon.
             The game lasted 00:10:09 (7697 turns).

gruber the Destroyer (Demonspawn Conjurer)          Turns: 7697, Time: 00:10:10

Health: -4/57      AC:  6    Str: 15    XL:     9   Next: 16%
Magic:  16/16      EV: 12    Int: 23    God:    Vehumet [......]
Gold:   271        SH:  0    Dex: 11    Spells: 9/18 levels left

rFire   . . .      SeeInvis .   v - staff of conjuration
rCold   . . .      Faith    .   (no shield)
rNeg    . . .      Spirit   .   a - +0 robe
rPois   .          Reflect  .   (no helmet)
rElec   .          Harm     .   (no cloak)
rCorr   .          Rampage  .   G - +0 pair of gloves
Will    .....                   f - +2 pair of boots
Stlth   ++........              c - amulet of regeneration
HPRegen 0.99/turn               u - +6 ring of strength
MPRegen 0.15/turn               (no ring)

@: no status effects
A: demonic guardian 1, demonic magic 1, demonic touch 2
a: Renounce Religion


You were on level 6 of the Dungeon.
You worshipped Vehumet.
Vehumet was noncommittal.
You visited 2 branches of the dungeon, and saw 7 of its levels.

You collected 271 gold pieces.

Inventory:

Hand Weapons
 i - a +0 dagger
 r - a +1 whip of venom
 D - a +4 long sword of freezing
Missiles
 d - 4 poisoned darts
 K - a throwing net
Armour
 a - a +0 robe (worn)
 f - a +2 pair of boots (worn)
 G - a +0 pair of gloves (worn)
 J - the +4 ring mail "Hunuewim" {Int+6 Dex+2}
   (You found it on level 5 of the Dungeon)

   Int:       It affects your intelligence (+6).
   Dex:       It affects your dexterity (+2).
Magical Staves
 v - a staff of conjuration (weapon)
Jewellery
 c - an amulet of regeneration (around neck)
 u - a +6 ring of strength (left hand)
Wands
 t - a wand of iceblast (16)
 y - a wand of paralysis (6)
 I - a wand of flame (9)
Scrolls
 e - a scroll of magic mapping {unknown}
 g - 3 scrolls of amnesia {unknown}
 h - a scroll of vulnerability {unknown}
 k - a scroll of blinking {unknown}
 n - 4 scrolls of identify {unknown}
 s - 3 scrolls of teleportation {unknown}
 w - a scroll of enchant armour {unknown}
 A - a scroll of enchant weapon {unknown}
 H - 2 scrolls of silence {unknown}
Potions
 b - a potion of magic
 j - 3 potions of degeneration {unknown}
 l - a potion of resistance {unknown}
 m - a potion of haste {unknown}
 o - a potion of invisibility {unknown}
 p - a potion of attraction {unknown}
 q - 5 potions of heal wounds {unknown}
 x - 3 potions of might {unknown}
 z - 3 potions of curing {unknown}
 B - a potion of lignification {unknown}
 C - a potion of mutation {unknown}
 E - a potion of flight {unknown}
 F - 2 potions of berserk rage {unknown}


   Skills:
 - Level 0.3 Slings
 * Level 2.8 Armour
 - Level 2.0 Dodging
 - Level 1.7 Stealth
 - Level 5.2 Spellcasting
 - Level 11.0 Conjurations
 - Level 0.2 Hexes
 - Level 0.1 Summonings
 - Level 0.1 Ice Magic
 - Level 0.1 Air Magic
 - Level 0.1 Earth Magic
 - Level 0.1 Poison Magic
 - Level 0.2 Invocations
 - Level 0.2 Evocations


You had 9 spell levels left.
You knew the following spells:

 Your Spells              Type           Power      Damage    Failure   Level
a - Magic Dart            Conj           100%       1d8       1%          1
b - Searing Ray           Conj           100%       2d8       1%          2
c - Sublimation of Blood  Necr           5%         N/A       14%         2
d - Fulminant Prism       Conj/Hex       24%        3d13      9%          4

Your spell library contained the following spells:

 Spells                   Type           Power      Damage    Failure   Level
 Dazzling Flash           Conj/Hex       96%        N/A       2%          3
 Iskenderun's Mystic Bla  Conj/Tloc      47%        2d10      10%         4
 Wereblood                Tmut           6%         N/A       14%         2
 Petrify                  Tmut/Erth      6%         N/A       65%         4
 Metabolic Englaciation   Hex/Ice        3%         N/A       94%         5
 Statue Form              Tmut/Erth      4%         N/A       100%        6
 Summon Hydra             Summ           3%         N/A       100%        7


Dungeon Overview and Level Annotations

Branches:
Dungeon (6/15)             Temple (1/1) D:5

Altars:
Elyvilon
Fedhas
Gozag
Nemelex Xobeh
Ru
Trog
Vehumet
Xom
Yredelemnul

Annotations:
D:5 exclusion: oklob plant


Innate Abilities, Weirdness & Mutations

A weak demonic guardian rushes to your aid.
Spells you cast may paralyse adjacent enemies.
Your touch may inflict irresistible damage on your foes.


Message History

The magic dart hits the adder but does no damage.
The adder is severely wounded.
Malevolent energies surge around you. The adder closely misses you.
You feel a surge of power!
The magic dart hits the adder.
The adder is severely wounded.
Malevolent energies surge around you. The adder barely misses you.
You feel a surge of power!
The magic dart hits the adder.
You kill the adder!
Vehumet accepts your kill. Malevolent energies surge around you.
You can't see any susceptible monsters within range! (Use Z to cast anyway.)
s - 3 scrolls labelled CAUCAW YXTO (gained 1)
You now have 271 gold pieces (gained 3).
Found an escape hatch in the ceiling.
You open the door.
A two-headed ogre comes into view.
It is wielding a +0 giant club and a +0 dire flail.
A two-headed ogre is nearby!
A two-headed ogre is nearby!
You close the door.
This spell is dangerous to cast!
Memorise Fulminant Prism, consuming 4 spell levels and leaving 9?
You start memorising the spell.
You continue memorising. x4
You finish memorising.
Spell assigned to 'd'.
Okay, then.
You open the door.
The two-headed ogre shouts in stereo!
A two-headed ogre is nearby!
Okay, then.
The two-headed ogre attacks as you move away!
The two-headed ogre hits you with a +0 giant club!
The two-headed ogre hits you with a +0 dire flail!!
There is an open door here.
There is an open door here.
You open the door.
The two-headed ogre hits you with a +0 giant club!!
Ouch! That really hurt!
* * * LOW HITPOINT WARNING * * *
A demonic guardian appears!
The two-headed ogre hits you with a +0 dire flail.
You die...

........#....# #...........#
........#....# #...........#
#..##...'....######...........#
#..##+###.................#####
...##...#####.............#
......... #.............#
......... #.............#
#..##########.............#
#).#### #.....#@##.....###
#.....+. #.....'O.'.....#
#.....#..#.....#5.#.....#
'.....#..'.....#..#.....#
#....##..#.....#..#.....#
##+####. #.....#..#.....#
......# #.....#..#.....+
......# #.....+..#.....#
......# #.....#..#.....#


You could see a two-headed ogre (ally target) and a friendly iron imp
(summoned).

Vanquished Creatures
  Pikel (D:4)
  A water moccasin (D:6)
  An ice beast (D:5)
  A sky beast (D:6)
  2 black bears
  2 ogres (D:5)
  Blork the orc (D:4)
  2 lemures
  2 phantoms
  A gnoll sergeant (D:6)
  A necrophage (D:5)
  5 wights (D:4)
  2 hounds
  An orc priest (D:5)
  2 jellies
  An iguana (D:6)
  Terence (D:3)
  2 orc wizards (D:5)
  Natasha (thrice) (D:4)
  12 gnolls
  5 adders
  2 white imps
  2 worms
  A dart slug (D:1)
  12 orcs
  4 bats
  13 endoplasms
  A giant cockroach (D:2)
  7 goblins
  5 hobgoblins
  2 jackals (D:1)
  8 quokkas
  6 ball pythons
  2 frilled lizards (D:1)
  3 kobolds
  10 rats
127 creatures vanquished.

Vanquished Creatures (others)
  38 plants (D:2)
38 creatures vanquished.

Grand Total: 165 creatures vanquished

Notes
Turn   | Place    | Note
-------+----------+-------------------------------------------
     0 | D:1      | gruber the Demonspawn Conjurer began the quest for the Orb.
     0 | D:1      | Reached XP level 1. HP: 13/13 MP: 3/3
   497 | D:1      | Gained mutation: Your touch may inflict minor irresistible
                  | damage on your foes. [demonic ancestry]
   497 | D:1      | Reached XP level 2. HP: 19/19 MP: 0/5
  1451 | D:2      | Reached XP level 3. HP: 22/24 MP: 6/6
  1979 | D:2      | Reached skill level 5 in Conjurations
  1982 | D:2      | Learned a level 2 spell: Searing Ray
  2155 | D:2      | Gained mutation: Your touch may inflict irresistible damage
                  | on your foes. [demonic ancestry]
  2155 | D:2      | Reached XP level 4. HP: 19/30 MP: 1/7
  2896 | D:3      | Found an opulent altar of Gozag.
  3178 | D:3      | Learned a level 2 spell: Sublimation of Blood
  3376 | D:3      | Noticed Terence
  3380 | D:3      | Killed Terence
  3381 | D:3      | Reached XP level 5. HP: 35/35 MP: 2/9
  3503 | D:3      | Found a basalt altar of Yredelemnul.
  3633 | D:3      | Reached skill level 6 in Conjurations
  4090 | D:4      | Found a sacrificial altar of Ru.
  4272 | D:4      | Noticed Blork the orc
  4279 | D:4      | Killed Blork the orc
  4280 | D:4      | Reached XP level 6. HP: 38/41 MP: 2/10
  4365 | D:4      | Reached skill level 7 in Conjurations
  4549 | D:4      | Noticed Natasha
  4557 | D:4      | Killed Natasha
  4761 | D:4      | Reached skill level 8 in Conjurations
  4761 | D:4      | Reached XP level 7. HP: 46/46 MP: 5/11
  4812 | D:4      | Noticed Natasha
  4816 | D:4      | Killed Natasha
  4924 | D:4      | Noticed Natasha
  4931 | D:4      | Killed Natasha
  5237 | D:4      | Found a sparkling altar of Nemelex Xobeh.
  5389 | D:5      | Entered Level 5 of the Dungeon
  5391 | D:5      | Noticed Pikel
  5498 | D:4      | Killed Pikel
  5499 | D:4      | Reached skill level 10 in Conjurations
  5499 | D:4      | Gained mutation: Spells you cast may paralyse adjacent
                  | enemies. [demonic ancestry]
  5499 | D:4      | Reached XP level 8. HP: 21/52 MP: 1/12
  5788 | D:5      | Reached skill level 11 in Conjurations
  6005 | D:5      | Found a staircase to the Ecumenical Temple.
  6019 | Temple   | Entered the Ecumenical Temple
  6089 | Temple   | Became a worshipper of Vehumet
  6586 | D:5      | Found a blossoming altar of Fedhas.
  6601 | D:5      | Noticed an oklob plant
  6864 | D:5      | Found a shimmering altar of Xom.
  6875 | D:5      | Identified the +4 ring mail "Hunuewim" {Int+6 Dex+2}
  7033 | D:6      | Reached skill level 5 in Spellcasting
  7182 | D:6      | Reached skill level 1 in Armour
  7182 | D:6      | Gained mutation: A weak demonic guardian rushes to your
                  | aid. [demonic ancestry]
  7182 | D:6      | Reached XP level 9. HP: 57/57 MP: 11/16
  7637 | D:6      | Noticed a two-headed ogre
  7663 | D:6      | Learned a level 4 spell: Fulminant Prism
  7697 | D:6      | HP: 2/57 [two-headed ogre/+0 giant club (31)]
  7697 | D:6      | Slain by a two-headed ogre

Illustrated notes

Levels and vault maps discovered:
D:1:      shiori_shiawase, layout_loops_ring
D:2:      wad_woods_settlement, layout_basic
D:3:      layout_loops_corners, nicolae_gozag_seed_capital,
          mainiacjoe_overflow_paths, uniq_terence
D:4:      layout_basic, nemelex_dance_club_becter,
          mainiacjoe_overflow_tiny_flanked, nicolae_figureground_sparkle,
          uniq_natasha, uniq_blork_the_orc
D:5:      cheibrodos_helix_gallery, layout_basic, tgw_fedhas,
          lemuel_coloured_pillars_altar, minmay_temple_entry_junction_2,
          uniq_pikel
D:6:      layout_gridville, mainiacjoe_overflow_24_doors, serial_shops, shop,
          minmay_joined_circles
Temple:   nicolae_temple_figure_zero

Skill      XL: |  1  2  3  4  5  6  7  8  9 |
---------------+----------------------------+-----
Dodging        | 2 |  2.0
Conjurations   | 5 6 8 10 11 | 11.0
Spellcasting   | 3 5 |  5.2
Armour         | 1 2 |  2.8
Slings         | |  0.3
Stealth        | |  1.7
Hexes          | |  0.2
Summonings     | |  0.1
Ice Magic      | |  0.1
Air Magic      | |  0.1
Earth Magic    | |  0.1
Poison Magic   | |  0.1
Invocations    | |  0.2
Evocations     | |  0.2

Action                   |  1- 3 |  4- 6 |  7- 9 || total
-------------------------+-------+-------+-------++-------
Melee: Unarmed           |     6 |       |       ||     6
       Dagger            |    83 |     1 |       ||    84
       Touch             |     9 |     3 |     4 ||    16
       Punch             |     2 |       |       ||     2
       Whip              |       |    10 |       ||    10
       Staff             |       |       |    24 ||    24
 Cast: Magic Dart        |    35 |    47 |    55 ||   137
       Searing Ray       |     2 |    13 |    28 ||    43
Evoke: Wand              |       |       |     1 ||     1
 Stab: Sleeping          |     4 |       |       ||     4
       Paralysed         |       |       |     7 ||     7
Armor: Robe              |    24 |     6 |    29 ||    59
Dodge: Dodged            |    57 |    21 |    50 ||   128

Table legend: (Time is in decaauts)
 A = Elapsed time spent in this place.
 B = Non-inter-level travel time spent in this place.
 C = Inter-level travel time spent in this place.
 D = Time resting spent in this place.
 E = Time spent auto-exploring this place.
 F = Levels seen in this place.
 G = Mean time per level.
                   A        B        C        D        E       F      G
               +--------+--------+--------+--------+--------+-----+--------+
         Total |   7707 |   7456 |    251 |    319 |   6156 |   7 | 1101.0 |
       Dungeon |   7624 |   7386 |    238 |    319 |   6091 |   6 | 1270.7 |
        Temple |     82 |     70 |     12 |      0 |     65 |   1 |   82.0 |
               +--------+--------+--------+--------+--------+-----+--------+

Top non-repeatable levels by time:
     D:2: 1576 daAuts
     D:4: 1572 daAuts
     D:5: 1275 daAuts
     D:1: 1252 daAuts
     D:3: 1252 daAuts
     D:6: 694 daAuts
  Temple: 82 daAuts
